 Dungeon Crawl Stone Soup version 0.30-b1-2-g02819fbbbe (webtiles) character file.

Game seed: 8057660544234160508

36 Alarkh the Shooter (level 3, 28/28 HPs)
             Began as a Demonspawn Hunter on July 11, 2023.
             Got out of the dungeon alive.
             The game lasted 00:00:41 (1079 turns).

Alarkh the Shooter (Demonspawn Hunter)              Turns: 1079, Time: 00:00:42

Health: 28/28      AC:  3    Str: 11    XL:     3   Next: 19%
Magic:  3/3        EV: 11    Int: 12    God:
Gold:   48         SH:  0    Dex: 16    Spells: 2/2 levels left

rFire   . . .        a - +0 shortbow
rCold   . . .        (shield currently unavailable)
rNeg    . . .        c - +0 leather armour
rPois   .            (no helmet)
rElec   .            (no cloak)
rCorr   .            (no gloves)
SInv    .            (no boots)
Will    .....        (no amulet)
Stlth   +            (no ring)
HPRegen 0.24/turn    (no ring)
MPRegen 0.08/turn

%: no passive effects
@: no status effects
A: demonic guardian 1, foul stench 1
a: no special abilities


You escaped.
You visited 1 branch of the dungeon, and saw 2 of its levels.

You collected 48 gold pieces.

Inventory:

Hand Weapons
 a - a +0 shortbow (weapon)
Armour
 c - a +0 leather armour (worn)
Jewellery
 k - a ring of flight
Scrolls
 b - a scroll of immolation
 d - a scroll of silence {unknown}
 e - a scroll of blinking {unknown}
 g - a scroll of enchant armour {unknown}
 h - a scroll of identify {unknown}
 i - a scroll of poison {unknown}
Potions
 f - a potion of invisibility {unknown}
 j - a potion of haste {unknown}


   Skills:
 + Level 2.6 Fighting
 * Level 4.3 Ranged Weapons
 - Level 1.7 Dodging
 - Level 0.8 Stealth


You had 2 spell levels left.
You didn't know any spells.
Your spell library contained the following spells:

 Spells                   Type           Power      Damage    Failure   Level
 Apportation              Tloc           0%         N/A       41%         1
 Freeze                   Ice            0%         1d3       41%         1
 Necrotise                Necr           0%         1d4       41%         1
 Summon Small Mammal      Summ           0%         N/A       41%         1
 Frozen Ramparts          Ice            0%         1d1       78%         3
 Hailstorm                Conj/Ice       0%         3d3       78%         3


Dungeon Overview and Level Annotations

Branches:
Dungeon (2/15)

Altars:


Innate Abilities, Weirdness & Mutations

A weak demonic guardian rushes to your aid.
You may rarely emit foul miasma when damaged in melee.


Message History

A hobgoblin comes into view.
The gnoll moves out of view.
A gnoll comes into view. It is wielding a +0 spear.
There are monsters nearby!
You shoot an arrow. The gnoll shouts!
The hobgoblin shouts!
The arrow hits the hobgoblin.
The hobgoblin is almost dead.
A giant cockroach comes into view.
You shoot an arrow. The arrow closely misses the hobgoblin.
The arrow barely misses the gnoll. x2
You hear a shout!
A gnoll comes into view. It is wielding a +0 halberd.
You shoot an arrow. The gnoll shouts!
The arrow hits the hobgoblin.
You kill the hobgoblin!
You shoot an arrow. The arrow hits the gnoll.
The gnoll is heavily wounded.
You shoot an arrow. The arrow hits the gnoll.
The gnoll is severely wounded.
You shoot an arrow. The arrow hits the gnoll.
You kill the gnoll!
The gnoll hits you from afar with a +0 spear.
You have reached level 3!
Your experience leads to an increase in your attributes!
Increase (S)trength, (I)ntelligence, or (D)exterity?
You feel clever. x2; Your demonic ancestry asserts itself...
You begin to emit a foul stench of rot and decay.
You see here a +0 robe.
There is a stone staircase leading up here.
The gnoll hits you from afar with a +0 spear.
You climb upwards.
There is a stone staircase leading down here.
Unknown command.
Unknown command.
HP restored.
There is a staircase leading out of the dungeon here.
Are you sure you want to leave the Dungeon?
This will make you lose the game!
You have escaped!

## #..#######....# .#
#..#.....#..#.# .#
#..#.≈≈≈.#..#.# .#
#..#.X≈≈.#....# .#
#..#.≈≈≈.#....####### .#
#..#.....#..........# .#
#..#######..........# .##
#..........#........# ..#
#.....@...#.........# ..#
#...#######.>.......#
###########.......# #.........#
..........'....##.# #.........#
###########...###.# #.........#
######..........#.# #.........#
#...##.########.#.# #.........#
#...##.# #....#.#.###.........#
#...##.###.#..................#


You could see a neutral kraken (wandering).

Vanquished Creatures
  A gnoll (D:2)
  3 ball pythons (D:1)
  3 goblins (D:1)
  5 hobgoblins
  2 quokkas (D:1)
  A bat (D:1)
  8 frilled lizards (D:1)
  3 kobolds (D:1)
26 creatures vanquished.

Vanquished Creatures (others)
  A minotaur (D:1)
  An elf (D:1)
  A troll (D:1)
  2 spriggans (D:1)
  2 humans (D:1)
  A naga (D:1)
  An ogre (D:1)
  A felid (D:1)
  2 mummies (D:1)
  7 tentacles (D:1)
19 creatures vanquished.

Grand Total: 45 creatures vanquished

Notes
Turn   | Place    | Note
-------+----------+-------------------------------------------
     0 | D:1      | Alarkh the Demonspawn Hunter began the quest for the Orb.
     0 | D:1      | Reached XP level 1. HP: 16/16 MP: 1/1
     0 | D:1      | Noticed an elf
     0 | D:1      | Noticed a minotaur
     0 | D:1      | Noticed an ogre
     0 | D:1      | Noticed a felid
     0 | D:1      | Noticed a kraken
     0 | D:1      | Noticed a troll
     0 | D:1      | Noticed a spriggan
     0 | D:1      | Noticed a human
     0 | D:1      | Noticed a naga
     0 | D:1      | Noticed a human
     0 | D:1      | Noticed a spriggan
     4 | D:1      | Killed a human
     6 | D:1      | Killed a naga
     6 | D:1      | Killed a human
     7 | D:1      | Killed a spriggan
     7 | D:1      | Killed a minotaur
     8 | D:1      | Killed a troll
     9 | D:1      | Killed an ogre
     9 | D:1      | Killed a spriggan
    10 | D:1      | Killed a felid
    10 | D:1      | Killed an elf
   110 | D:1      | Gained mutation: A weak demonic guardian rushes to your
                  | aid. [demonic ancestry]
   110 | D:1      | Reached XP level 2. HP: 22/22 MP: 2/2
   219 | D:1      | Reached skill level 4 in Ranged Weapons
   975 | D:2      | Gained mutation: You may rarely emit foul miasma when
                  | damaged in melee. [demonic ancestry]
   975 | D:2      | Reached XP level 3. HP: 21/28 MP: 3/3
  1079 | D:$      | Got out of the dungeon alive.

Illustrated notes

Levels and vault maps discovered:
D:1:      nicolae_arrival_kraken_aquarium_a, layout_basic, minmay_lizard_pond
D:2:      layout_rooms

Skill      XL: |  1  2 |
---------------+-------+-----
Ranged Weapons | 4 |  4.3
Fighting       | |  2.6
Dodging        | |  1.7
Stealth        | |  0.8

Action                     || total
---------------------------++-------
   Fire: Shortbow          ||    63
 Armour: Leather armour    ||    10
  Dodge: Dodged            ||    10
